Introsp3ctive, lawful female human Knight ------ #...)>| ------ --------------- #|....| |....| #-..........`..| #|....-# --....| #|...-------...| #------# |.....| #|...| |...| # # #.......#### #|...-------...| # # ###--....| #|.............| # # # |.....####----- #------.-------- # # # ------ #@...| #### ### # # # |...-## # # # # # |...| # # # ## # # # |...| ### ----.-# --|------------ # # # ----- # |....|# |.............| # #### # ###|....|# |!!!!!!!!!!!!!| -------# #--------# #......# |!!!!!!!!!!!!!| |...<.|# #|..)....# ------ --------------- |......# #.......| ------- -------- Introsp3ctive the Gallant Experience level: 1 Strength: 14 Dexterity: 11 Constitution: 10 Intelligence: 9 Wisdom: 14 Charisma: 17 Health: 0(16) Energy: 4(4) Def: 9 Gold: 261 Moves: 1039 Dungeon seed: SWNRdr2EqTuOsKGM Game ID: Introsp3ctive_1469139922 Your Inventory: Coins $ - 261 gold pieces Weapons a - a +1 long sword (weapon in hand) b - a +1 lance o - a blessed +0 dagger Armor e - an uncursed +1 ring mail (being worn) n - an uncursed +0 helmet (being worn) q - an uncursed +0 small shield (being worn) r - an uncursed +0 pair of leather gloves (being worn) y - an uncursed +0 pair of high boots (being worn) Comestibles d - 11 uncursed apples f - 10 uncursed carrots h - an uncursed Guava k - an uncursed fortune cookie l - 2 uncursed food rations m - an uncursed tin of brown mold Scrolls p - an uncursed scroll of gold detection s - an uncursed scroll of scare monster Spellbooks i - an uncursed spellbook of slow monster j - an uncursed spellbook of detect monsters Potions g - a potion of holy water Wands c - a wand of undead turning (0:6) Spells and supernatural/magical abilities: Name Level Category Fail Memory W - pray for help -- divine ? -- X - turn undead -- divine ? -- Y - supernatural jump -- ability ? -- Your skills at the end: Miscellaneous Skills shield [Basic] wands [Basic] riding [Basic] Weapon Skills long sword [Basic] polearms [Basic] Spellcasting Skills Final Attributes: You were fervently aligned. You could jump. You are dead. Vanquished creatures: 2 coyotes a gas spore an acid blob 6 jackals a fox 4 newts a goblin 4 sewer rats a lichen 21 creatures vanquished. Voluntary challenges: You did not adorn yourself with jewelry or accessories. You were an atheist. You used a wielded weapon 11 times, starting on turn 116. You did not use tools. You were illiterate. You never genocided any monsters. You never polymorphed an object. You never changed form. You used no wishes. You never split a pudding. You never wrote Elbereth's name. You never violated your personal moral code. Dungeon overview: The Dungeons of Doom: levels 1 to 4 Level 1 a long staircase Level 2 a fountain stairs to The Gnomish Mines Level 3 (Potion store) <- You were here a potion shop Level 4 The Gnomish Mines: Level 3 stairs to The Dungeons of Doom History has recorded: On T:1 you entered the Dungeons of Doom to retrieve the Amulet of Yendor! On T:315 you reached level 2 of The Dungeons of Doom. On T:606 you reached level 1 of The Gnomish Mines. On T:633 you reached level 3 of The Dungeons of Doom. On T:687 you reached level 4 of The Dungeons of Doom. Score breakdown: Gold: 261 ( 26 points) Experience: 1 level ( 0 points) Exploration: 4 levels ( 90 points) Discoveries: 0 items ( 0 points) Variety of kills: 9 monsters ( 450 points) Major goal: (nothing yet) ( 0 points) Survival: died (score multiplied by 3) Total score: 1698 Latest messages: Lulu bites the acid blob. Lulu is splashed by the acid blob's acid! Where do you want to hit? Too close! Lulu kicks the acid blob. Lulu bites the acid blob. The acid blob is killed! With great effort you move the boulder. "Salutations, Introsp3ctive! Welcome to Klodzko's liquor emporium!" You stop. Lulu is in the way! Nowhere else around here can be automatically explored. Where do you want to travel to? A hobbit blocks your way. Where do you want to travel to? You hear the chime of a cash register. You stop travelling. You begin bashing monsters with your lance. You hit the gas spore. You are now wielding your long sword. You kill the gas spore! You are caught in the gas spore's explosion! Final status: Fare thee well Introsp3ctive the Knight, killed by a gas spore's explosion... You died in The Dungeons of Doom on dungeon level 3 with 1698 points, and 261 pieces of gold, after 1039 moves. You were level 1 with a maximum of 16 hit points when you died.